 Dungeon Crawl Stone Soup version 0.17-a0-2007-g96ac4c4 (webtiles) character file.

1164 Ordine the Skirmisher (level 8, -3/60 HPs)
             Began as an Octopode Fighter on Oct 9, 2015.
             Was a Believer of Dithmenos.
             Slain by a sky beast (6 damage)
             ... on level 6 of the Dungeon.
             The game lasted 00:20:42 (6783 turns).

Ordine the Skirmisher (Octopode Fighter)            Turns: 6783, Time: 00:20:42

Health: -3/60      AC:  1    Str: 16    XL:     8   Next: 40%
Magic:  8/8        EV: 10    Int: 10    God:    Dithmenos [**....]
Gold:   192        SH:  9    Dex: 13    Spells: 0 memorised, 7 levels left

rFire  + . .     SeeInvis .     a - +0 long sword
rCold  . . .     Clarity  .     b - +0 shield
rNeg   + . .     SustAt   .     (helmet restricted)
rPois  +         Gourm    .     (no amulet)
rElec  .         Spirit   .     o - ring of poison resistance
rCorr  .         Warding  .     r - ring of positive energy
rMut   .         Stasis   .     (no ring)
MR     .....                    (no ring)
Stlth  +++.......               (no ring)
                                (no ring)
                                (no ring)
                                (no ring)

@: wreathed by umbra, not resistant to hostile enchantments, fairly stealthy
A: almost no armour, amphibious, 8 rings, constrict 8, camouflage 1, fire
resistance 1, gelatinous body 1
a: Shadow Step, Renounce Religion


You were on level 6 of the Dungeon.
You worshipped Dithmenos.
Dithmenos was pleased with you.
You were not hungry.

You visited 1 branch of the dungeon, and saw 6 of its levels.

You collected 192 gold pieces.

Inventory:

Hand Weapons
 a - a +0 long sword (weapon)
 v - a +0 blowgun
Missiles
 g - 4 needles of slowing
 m - 68 stones
 p - 6 tomahawks (quivered)
 q - 16 poisoned needles
 t - a throwing net
 u - 4 needles of frenzy
 y - 2 needles of paralysis
Armour
 b - a +0 shield (worn)
Jewellery
 o - a ring of poison resistance (left tentacle)
 r - a ring of positive energy (right tentacle)
Scrolls
 j - 3 scrolls of identify
 s - 4 scrolls of remove curse
Potions
 c - 2 potions of might
 e - a potion of resistance
 h - 4 potions of cure mutation
 i - a potion of cancellation
 k - 3 potions of flight
Comestibles
 d - 3 bread rations
 f - a meat ration
 l - 3 beef jerkies
 n - 4 fruits


   Skills:
 + Level 7.5 Fighting
 + Level 7.2 Long Blades
 - Level 3.0 Dodging
 - Level 3.0 Shields


You had 7 spell levels left.
You didn't know any spells.

Dungeon Overview and Level Annotations

Branches:
Dungeon (6/15)
 Temple: D:4-7

Altars:
Cheibriados
Dithmenos
Okawaru
Qazlal


Innate Abilities, Weirdness & Mutations

You cannot wear most types of armour.
You are amphibious.
You can wear up to eight rings at the same time.
You can use your tentacles to constrict eight enemies at once.
Your skin changes colour to match your surroundings (Stealth).
Your rubbery body absorbs attacks (AC +1).
Your flesh is heat resistant.


Message History

The sky beast is severely wounded.
The sky beast hits you.
* * * LOW HITPOINT WARNING * * *
The sky beast shocks you.
* * * LOW HITPOINT WARNING * * *
You block the sky beast's attack.
Drink which item? (? for menu, Esc to quit)
You feel better. The sky beast hits you.
* * * LOW HITPOINT WARNING * * *
The sky beast shocks you.
* * * LOW HITPOINT WARNING * * *
You hit the sky beast.
The sky beast is severely wounded.
You block the sky beast's attack.
You closely miss the sky beast. You squeeze the sky beast!
The sky beast is almost dead.
The sky beast hits you.
* * * LOW HITPOINT WARNING * * *
The sky beast shocks you.
You die...

#######
#@....#
#Y###.# #o#
#.# #.# #.#
#.# #.#
###########.#
#.#
#.(...)o....#
#.#
#.###########
#.# #.#


You could see a sky beast and an orc.

Vanquished Creatures
  A sky beast (D:5)
  2 centaurs
  An ogre (D:5)
  Blork the orc (D:5)
  2 scorpions
  A hound (D:4)
  4 orc priests
  A centaur skeleton (D:5)
  5 orc wizards
  Crazy Yiuf (D:2)
  An iguana (D:5)
  Jessica (D:2)
  7 adders
  9 gnolls
  An ooze (D:3)
  3 worms
  4 giant geckos
  21 orcs
  7 bats
  2 giant cockroaches
  8 goblins
  7 hobgoblins
  6 kobolds
  4 ball pythons
  A giant gecko skeleton (D:5)
  6 giant newts
  2 quokkas
  7 rats
116 creatures vanquished.

Notes
Turn   | Place    | Note
--------------------------------------------------------------
     0 | D:1      | Ordine the Octopode Fighter began the quest for the Orb.
     0 | D:1      | Reached XP level 1. HP: 16/16 MP: 1/1
   238 | D:1      | Reached XP level 2. HP: 17/21 MP: 2/2
   443 | D:1      | Reached XP level 3. HP: 26/26 MP: 3/3
  1666 | D:2      | Noticed Jessica
  1681 | D:2      | Killed Jessica
  1681 | D:2      | Reached skill level 4 in Fighting
  1681 | D:2      | Reached XP level 4. HP: 12/33 MP: 4/4
  1891 | D:2      | Noticed Crazy Yiuf
  1901 | D:2      | Killed Crazy Yiuf
  2284 | D:3      | Reached XP level 5. HP: 33/37 MP: 5/5
  2365 | D:3      | Noticed a centaur
  2393 | D:3      | Killed a centaur
  3147 | D:3      | Found a shadowy altar of Dithmenos.
  3156 | D:3      | Became a worshipper of Dithmenos the Shadowed
  3172 | D:3      | Reached XP level 6. HP: 36/45 MP: 6/6
  3388 | D:3      | Reached skill level 5 in Fighting
  4397 | D:4      | Reached skill level 5 in Long Blades
  4939 | D:4      | Reached XP level 7. HP: 43/51 MP: 7/7
  5218 | D:5      | Entered Level 5 of the Dungeon
  5231 | D:5      | Found a snail-covered altar of Cheibriados.
  5244 | D:5      | Reached skill level 6 in Fighting
  5770 | D:5      | Found an iron altar of Okawaru.
  5774 | D:5      | Gained mutation: Your flesh is heat resistant. [potion of beneficial mutation]
  6077 | D:5      | Noticed Blork the orc
  6093 | D:5      | Killed Blork the orc
  6096 | D:5      | Reached XP level 8. HP: 30/58 MP: 8/8
  6125 | D:5      | Reached skill level 7 in Fighting
  6306 | D:5      | Found a stormy altar of Qazlal.
  6532 | D:6      | Acquired Dithmenos's first power
  6783 | D:6      | HP: 3/60 [sky beast (5)]
  6783 | D:6      | Slain by a sky beast

Vault maps used:
D:1:      lightli_arrival_statue_moat, minmay_lizard_king
D:2:      first_bread, kennysheep_flooded_box, uniq_jessica,
          uniq_crazy_yiuf_cottage
D:3:      grunt_dithmenos_smoke
D:5:      lemuel_round_altar, lemuel_round_altar, basic_altar,
          uniq_blork_the_orc
D:6:      led_sif_pool

Action                   |  1- 3 |  4- 6 |  7- 9 || total
-------------------------+-------+-------+-------++-------
Melee: Long sword        |    71 |    98 |    92 ||   261
 Fire: Blowgun           |       |       |     8 ||     8
Throw: Stone             |       |    22 |     8 ||    30
       Tomahawk          |       |       |    16 ||    16
  Use: Scroll            |     7 |     4 |     7 ||    18
       Potion            |     1 |       |     3 ||     4
 Stab: Sleeping          |     3 |     2 |     1 ||     6
  Eat: Chunk             |     2 |    11 |     5 ||    18
